AoeStats
← GreatPerson25

Arena

509806314Analyzed
2v2 RM · 2d ago on Sep 28, 2026· 56m 34s· 4 players
Game mode
Random Map
Map size
Medium (4 player)
Population
200
Speed
Normal
Resources
Standard
Victory
Conquest
Starting age
Dark Age
Ending age
Imperial Age
RankedLock teamsTeams togetherTeam positionsShared explorationLock speedFull tech treeHidden civsTurbo modeCheats
Victory
Defeat
🇺🇸 Berbers · United States
1443
+11
🇺🇸 Spanish · United States
1436
+11
🇲🇽 Cumans · Mexico
1338
-11
🇲🇽 Burgundians · Mexico
1338
-11
Vedette87
10:52 Feudal Age
14:33 Castle Age
13:14 Double-Bit Axe
13:10 Horse Collar
23:38 Wheelbarrow
23:33 Bow Saw
24:16 Heavy Plow
24:32 Town Watch
25:15 Hand Cart
25:18 Gold Mining
25:18 Stone Mining
26:50 Loom
30:19 Fletching
30:30 Padded Archer Armor
30:51 Ballistics
30:59 Bodkin Arrow
33:57 Imperial Age
32:14 Scale Barding Armor
32:19 Forging
32:37 Bloodlines
32:28 Husbandry
32:44 Leather Archer Armor
34:07 Kasbah
34:47 Chain Barding Armor
35:03 Iron Casting
34:40 Bracer
35:41 Chemistry
34:30 Cavalier
38:10 Plate Barding Armor
38:13 Iron Casting
38:10 Siege Engineers
38:44 Conscription
38:28 Maghrebi Camels
38:14 Light Cavalry
38:44 Elite Camel Archer
40:06 Treadmill Crane
42:13 Ring Archer Armor
42:07 Hussar
44:39 Blast Furnace
48:13 Murder Holes
48:29 Masonry
48:57 Hoardings
48:08 Heavy Camel Rider
GreatPerson25
9:25 Feudal Age
10:22 Feudal Age
13:50 Castle Age
12:28 Double-Bit Axe
15:14 Loom
33:16 Horse Collar
35:37 Bow Saw
39:41 Coinage
47:32 Wheelbarrow
51:14 Hand Cart
53:58 Imperial Age
50:51 Pikeman
51:32 Squires
52:37 Forging
52:32 Scale Barding Armor
53:24 Arson
54:10 Scale Mail Armor
54:45 Iron Casting
54:04 Halberdier
55:29 Chain Mail Armor
57:39 Blast Furnace
56:36 Town Watch
Tormentum
3:29 Double-Bit Axe
7:14 Loom
9:19 Feudal Age
12:26 Fletching
13:36 Gold Mining
16:44 Horse Collar
20:31 Bow Saw
24:26 Castle Age
23:15 Gold Shaft Mining
23:14 Scale Barding Armor
24:04 Forging
25:23 Wheelbarrow
25:07 Heavy Plow
24:30 Cavalier
27:21 Fervor
28:36 Sanctity
29:53 Hand Cart
30:11 Husbandry
31:05 Chain Barding Armor
32:20 Town Watch
32:27 Elite Skirmisher
38:01 Imperial Age
35:51 Stone Mining
36:12 Treadmill Crane
36:43 Masonry
37:03 Padded Archer Armor
37:40 Bodkin Arrow
38:01 Leather Archer Armor
38:59 Two-Man Saw
39:52 Chemistry
40:33 Plate Barding Armor
41:22 Architecture
40:56 Paladin
42:39 Hoardings
43:04 Conscription
44:54 Fortified Wall
46:38 Bracer
47:24 Burgundian Vineyards
49:47 Light Cavalry
50:56 Caravan
52:55 Squires
52:15 Pikeman
noryb.drol
9:06 Feudal Age
7:23 Loom
9:38 Double-Bit Axe
23:20 Castle Age
21:09 Town Watch
22:28 Wheelbarrow
22:41 Scale Barding Armor
22:31 Gold Mining
23:44 Forging
23:57 Bloodlines
24:17 Bow Saw
23:53 Horse Collar
24:52 Capped Ram
30:05 Heavy Plow
33:04 Chain Barding Armor
34:39 Hand Cart
37:30 Gold Shaft Mining
40:21 Imperial Age
39:08 Iron Casting
40:05 Town Patrol
41:00 Cavalier
42:35 Plate Barding Armor
43:24 Blast Furnace
42:41 Light Cavalry
44:22 Hussar
44:23 Paladin
46:53 Conscription
48:33 Fletching
48:43 Padded Archer Armor
52:18 Scale Mail Armor
53:50 Two-Man Saw
53:21 Crop Rotation
53:29 Bodkin Arrow
53:49 Leather Archer Armor
53:19 Pikeman
53:59 Squires
54:16 Chain Mail Armor
54:18 Halberdier
55:35 Ballistics
56:06 Ring Archer Armor
56:33 Plate Mail Armor
Connection lost

Rejoining the realm…

Still unreachable

The connection could not be restored.

Session expired

The server has moved on; the page needs a fresh start.